 Dungeon Crawl Stone Soup version 0.17-a0-819-gf98af59 (webtiles) character file.

111888 FedoraBrony69 the Eclecticist (level 16, -4/93 HPs)
             Began as a Deep Elf Conjurer on Apr 26, 2015.
             Was the Champion of Vehumet.
             Slain by a shambling mangrove (32 damage)
             ... on level 1 of the Swamp.
             The game lasted 02:27:16 (38026 turns).

FedoraBrony69 the Eclecticist (Deep Elf Conjurer)  Turns: 38026, Time: 02:27:17

Health: -4/93      AC: 13    Str:  6    XL:     16   Next: 10%
Magic:  4/39       EV: 12    Int: 30    God:    Vehumet [******]
Gold:   2480       SH:  0    Dex: 15    Spells: 11 memorised, 1 level left

rFire  x . .     SeeInvis .     m - +9 mace "Giant's Toothpick" {speed, +Inv +Fly rElec rF-}
rCold  . . .     Clarity  .     Z - +1 leather armour {rPois}
rNeg   + . .     SustAb   .     (no shield)
rPois  +         Gourm    .     X - +2 helmet {Int+3}
rElec  +         Spirit   .     i - +2 cloak
rCorr  .         Warding  .     o - +0 pair of gloves
rMut   .         Stasis   .     O - +0 pair of boots "Nuir" {Slay+5}
MR     +....                    B - amulet of regeneration
Stlth  ++........               J - ring of wizardry
                                t - ring of positive energy

@: grasped by roots, delayed fireball, very slow, somewhat resistant to hostile
enchantments, unstealthy
A: regeneration 1
a: Renounce Religion, Release Delayed Fireball, Evoke Invisibility, Evoke Flight


You were on level 1 of the Swamp.
You worshipped Vehumet.
Vehumet was exalted by your worship.
You were hungry.

You visited 5 branches of the dungeon, and saw 26 of its levels.
You also visited: Volcano.

You collected 2836 gold pieces.
You spent 356 gold pieces at shops.

Inventory:

Hand weapons
 m - the +9 mace "Giant's Toothpick" (weapon) {speed, +Inv +Fly rElec rF-}
   (You bought it in a shop on level 4 of the Orcish Mines)

   Attacks with this weapon are significantly faster.
   It makes you vulnerable to fire.
   It insulates you from electricity.
   It lets you turn invisible.
   It lets you fly.
Armour
 a - the +3 ring mail of the Pit {+Inv rElec rC- Int+2, unknown}
   (You found it on level 1 of the Swamp)

   It affects your intelligence (+2).
   It makes you vulnerable to cold.
   It insulates you from electricity.
   It lets you turn invisible.
 i - a +2 cloak (worn)
 o - a +0 pair of gloves (worn)
 O - the +0 pair of boots "Nuir" (worn) {Slay+5}
   (You found it on level 6 of the Dungeon)

   It affects your accuracy and damage with ranged weapons and melee attacks
   (+5).
 X - a +2 helmet of intelligence (worn)
 Z - a +1 leather armour of poison resistance (worn)
Jewellery
 t - a ring of positive energy (left hand)
 B - an amulet of regeneration (around neck)
 J - a ring of wizardry (right hand)
 M - an uncursed ring of see invisible
Magical devices
 y - a wand of digging (16)
 z - a wand of teleportation (2)
Scrolls
 b - 2 scrolls of fear {unknown}
 d - 2 scrolls of vulnerability {unknown}
 e - a scroll of random uselessness {unknown}
 h - 5 scrolls of remove curse
 l - 3 scrolls of fog
 q - a scroll of recharging {unknown}
 r - 2 scrolls of magic mapping
 x - 2 scrolls of blinking {unknown}
 A - 7 scrolls of teleportation
 V - a scroll of immolation {unknown}
Potions
 g - 3 potions of flight
 j - 7 potions of agility
 p - a potion of brilliance
 u - 3 potions of heal wounds
 w - 5 potions of curing
 D - 3 potions of might
 F - 2 potions of magic
 G - 4 potions of haste {unknown}
 H - 2 potions of restore abilities {unknown}
 P - a potion of invisibility
 Q - 3 potions of resistance
Miscellaneous
 n - a phantom mirror
Comestibles
 c - 13 bread rations
 k - 8 slices of pizza
 v - 11 meat rations
 E - 38 fruits
 L - 2 royal jellies


   Skills:
 - Level 8.2 Fighting
 + Level 3.5 Armour
 - Level 11.0 Dodging
 - Level 2.4 Stealth
 + Level 17.8 Spellcasting
 - Level 16.2 Conjurations
 - Level 9.3 Charms
 * Level 14.8 Fire Magic
 - Level 3.0 Air Magic


You had one spell level left.
You knew the following spells:

 Your Spells              Type           Power        Failure   Level  Hunger
a - Freezing Cloud        Conj/Ice/Air   ######....   3%          6    #......
b - Iskenderun's Battles  Conj/Chrm      #######.     1%          5    None
c - Iskenderun's Mystic   Conj           #######.     1%          4    None
d - Fireball              Conj/Fire      #######...   1%          5    None
e - Bolt of Fire          Conj/Fire      #######...   1%          6    #......
f - Delayed Fireball      Conj/Fire      N/A          1%          7    ####...
g - Conjure Flame         Conj/Fire      #######.     0%          3    None
h - Force Lance           Conj/Tloc      ######..     1%          4    None
i - Iron Shot             Conj/Erth      ######....   1%          6    #......
j - Orb of Destruction    Conj           #######...   1%          7    ####...
q - Magic Dart            Conj           ####         0%          1    None


Dungeon Overview and Level Annotations

Branches:
Dungeon (11/15)            Temple (1/1) D:5            Lair (8/8) D:11
  Swamp (2/5) Lair:4       Spider (0/5) Lair:6        Slime (0/6) Lair:6
    Orc (4/4) D:9             Elf (0/3) Orc:4

Altars:
Ashenzari
Cheibriados
Dithmenos
Elyvilon
Fedhas
Gozag
Kikubaaqudgha
Makhleb
Nemelex Xobeh
Okawaru
Qazlal
Ru
Sif Muna
Trog
Vehumet
Yredelemnul
Zin
The Shining One
Beogh
Jiyva

Shops:
Orc:4 [}*%(

Portals:
Hell: Lair:8

Annotations:
D:3 Grinder
Swamp:2 Frances


Innate Abilities, Weirdness & Mutations

Your natural rate of healing is unusually fast.


Message History

The shambling mangrove is engulfed in freezing vapours.
The shambling mangrove hits you!!
* * * LOW HITPOINT WARNING * * *
The raven is engulfed in freezing vapours.
The raven pecks you.
* * * LOW HITPOINT WARNING * * *
The raven closely misses you.
Drink which item? (? for menu, Esc to quit)
You feel much better.
The raven is engulfed in freezing vapours.
The raven pecks you. The raven completely misses you.
The raven is engulfed in freezing vapours.
You kill the raven!
Vehumet accepts your kill.
You feel your power returning.
The raven is engulfed in freezing vapours.
The raven barely misses you. The raven claws you.
The shambling mangrove is engulfed in freezing vapours.
The shambling mangrove hits you!!
You die...

♣≈....≈≈.≈♣[.♣...≈≈≈≈
♣♣≈.≈≈≈≈≈.♣.......≈≈≈.
♣≈.≈≈≈.....♣≈.....≈≈..
♣♣♣♣♣≈<≈≈≈♣♣..♣♣♣♣....≈≈..
♣....≈≈≈≈§.♣♣♣♣♣♣♣≈...≈.≈≈
♣..≈≈≈≈≈≈≈.♣§♣≈.≈♣≈...≈...
♣♣..≈≈≈≈≈..≈§≈≈......(.♣♣♣
♣♣.≈.§§b..♣♣♣♣...≈.....♣♣
♣♣♣♣..§§§@♣♣ ♣≈.......≈≈≈§
♣≈.≈≈§§§f≈♣♣♣♣≈.≈≈.≈≈.≈≈≈.
♣♣.≈≈≈.§≈≈♣♣≈♣♣♣♣♣♣♣.≈≈≈≈≈
♣..≈≈≈.≈≈≈♣≈≈≈≈≈≈...≈≈≈≈.
♣♣..≈≈.)..♣..≈≈......≈...
♣♣....♣≈........≈≈≈.....
♣.....)...≈♣≈....♣.≈≈≈≈≈
♣♣.≈§....≈≈..♣..≈≈≈≈≈≈.≈≈
♣≈.≈≈≈≈≈≈..≈≈...≈≈≈≈≈...♣


You could see a shambling mangrove and a raven.

Vanquished Creatures
  Rupert (Lair:7)
  Maud (Lair:7)
  A dire elephant (Lair:8)
  The ghost of chequers the Grappler, a powerful TrMo of Okawaru (Lair:1)
  The ghost of chequers the Brawler, a powerful TrFi of Okawaru (D:11)
  Harold (Lair:4)
  12 hydras
  22 death yaks
  2 ogre magi (Orc:4)
  3 alligators (Swamp:1)
  A sun demon (Lair:8)
  2 deep trolls (Orc:4)
  2 lindwurms
  A wizard (Lair:8)
  2 swamp dragons (Swamp:1)
  5 hill giants
  Pikel (D:4)
  An orc knight (Orc:4)
  A griffon (Lair:8)
  An oklob plant (Lair:2)
  An orc sorcerer (Orc:4)
  A sixfirhy (Lair:8)
  6 elephants (Lair:8)
  2 cyclopes (Orc:4)
  A molten gargoyle (Volcano)
  A queen ant (Lair:3)
  3 torpor snails
  4 black mambas
  6 orange demons (Lair:8)
  4 gargoyles
  15 spiny frogs
  A hellwing (Lair:8)
  8 fire drakes
  12 trolls
  6 komodo dragons
  A red devil (Lair:8)
  2 giant leeches (Swamp:1)
  2 polar bears
  2 blue devils (Lair:8)
  32 blink frogs
  6 fire vortices (Volcano)
  A bog body (Swamp:1)
  5 slime creatures (Swamp:1)
  6 two-headed ogres (Orc:4)
  4 ravens (Swamp:1)
  2 spriggans (Swamp:1)
  4 trapdoor spiders (Lair:6)
  2 fire elementals (Volcano)
  2 deep elf magi (D:11)
  98 yaks
  7 hippogriffs
  A hog (D:8)
  A human (D:8)
  14 wolves
  3 basilisks
  5 swamp worms (Swamp:1)
  3 wargs
  5 insubstantial wisps (Swamp:1)
  7 wyverns
  A hell hound (Lair:8)
  6 soldier ants (Lair:3)
  16 porcupines
  30 water moccasins
  15 orc warriors
  An eye of draining (D:8)
  5 ice beasts
  3 sky beasts
  2 swamp drakes (Swamp:1)
  2 phantoms
  27 ogres
  2 slaves (D:4)
  2 wasps (Swamp:1)
  A black bear (Lair:4)
  A necrophage (D:11)
  A boring beetle (Lair:7)
  8 centaurs
  18 crocodiles
  2 big kobolds
  16 giant frogs
  A wyvern skeleton (D:9)
  3 scorpions
  18 wights
  2 electric eels
  4 crimson imps
  2 centaur zombies
  13 orc priests
  13 jellies
  2 giant frog skeletons
  3 hounds
  2 centaur skeletons
  A gnoll shaman (D:7)
  Terence (D:3)
  26 orc wizards
  11 iguanas
  13 worker ants
  A killer bee zombie (D:9)
  37 sheep
  A hound skeleton (D:8)
  A worker ant zombie (D:6)
  6 gnolls (D:7)
  10 adders
  64 river rats
  5 shadow imps
  11 oozes
  3 adder skeletons
  5 worms
  182 orcs
  A ball python (D:1)
  2 bat zombies (D:5)
  5 giant cockroaches
  22 goblins
  15 hobgoblins
  10 jackals
  6 quokkas
  6 bats
  4 giant geckos
  A giant gecko skeleton (D:4)
  5 giant newts
  A jackal skeleton (D:8)
  22 kobolds
  A quokka skeleton (D:9)
  A quokka zombie (D:6)
  17 rats
  5 fungi
  2 plants
1074 creatures vanquished.

Vanquished Creatures (others)
  A quokka (D:4)
  23 fungi
  7 plants
31 creatures vanquished.

Grand Total: 1105 creatures vanquished

Notes
Turn   | Place    | Note
--------------------------------------------------------------
     0 | D:1      | FedoraBrony69, the Deep Elf Conjurer, began the quest for the Orb.
     0 | D:1      | Reached XP level 1. HP: 10/10 MP: 6/6
   187 | D:1      | Reached XP level 2. HP: 13/15 MP: 2/8
   610 | D:1      | Reached XP level 3. HP: 19/19 MP: 5/10
   744 | D:2      | Reached skill level 5 in Conjurations
  1108 | D:2      | Reached XP level 4. HP: 24/24 MP: 9/12
  1241 | D:2      | Found a blossoming altar of Fedhas.
  1353 | D:2      | Reached skill level 5 in Spellcasting
  1510 | D:3      | Noticed Grinder
  1527 | D:2      | Learned a level 4 spell: Iskenderun's Mystic Blast
  1776 | D:3      | Found a basalt altar of Yredelemnul.
  1785 | D:3      | Reached XP level 5. HP: 9/28 MP: 2/15
  1796 | D:3      | Learned a level 5 spell: Iskenderun's Battlesphere
  1992 | D:3      | Noticed Terence
  1998 | D:3      | Killed Terence
  2727 | D:4      | Noticed a slave
  2752 | D:4      | Killed a slave
  2946 | D:4      | Noticed a slave
  3124 | D:4      | Killed a slave
  3522 | D:4      | Noticed a phantom
  3692 | D:3      | Killed a phantom
  3692 | D:3      | Reached XP level 6. HP: 11/32 MP: 0/16
  3912 | D:4      | Noticed Pikel
  3912 | D:4      | Noticed a slave
  3912 | D:4      | Noticed a slave
  3926 | D:4      | Killed Pikel
  3926 | D:4      | Reached skill level 9 in Charms
  3926 | D:4      | Reached XP level 7. HP: 11/36 MP: 0/17
  4098 | D:4      | Noticed a phantom
  4441 | D:4      | Found an ancient bone altar of Kikubaaqudgha.
  4481 | D:4      | Killed a phantom
  4538 | D:4      | Found a bloodstained altar of Trog.
  4574 | D:5      | Entered Level 5 of the Dungeon
  4836 | D:5      | Found an iron altar of Okawaru.
  4862 | D:5      | Reached XP level 8. HP: 38/41 MP: 4/20
  5445 | D:5      | Found a staircase to the Ecumenical Temple.
  5455 | Temple   | Entered the Ecumenical Temple
  5564 | Temple   | Became a worshipper of Vehumet
  5919 | D:6      | Learned a level 3 spell: Conjure Flame
  5926 | D:6      | Learned a level 6 spell: Freezing Cloud
  6058 | D:6      | Found a stormy altar of Qazlal.
  6483 | D:6      | Got a pair of twisted boots
  6494 | D:6      | Identified the cursed +0 pair of boots "Nuir" {Slay+5} (You found it on level 6 of the Dungeon)
  6693 | D:7      | Gained mutation: Your mind is acute. (Int +2) [mutagenic meat]
  7033 | D:7      | Found a shadowy altar of Dithmenos.
  7061 | D:7      | Acquired Vehumet's first power
  7061 | D:7      | Offered knowledge of Shock by Vehumet.
  7403 | D:7      | Found a sacrificial altar of Ru.
  7526 | D:7      | Reached XP level 9. HP: 45/45 MP: 15/24
  7801 | D:7      | Reached skill level 10 in Spellcasting
  8119 | D:8      | Reached skill level 1 in Fire Magic
  8525 | D:8      | Offered knowledge of Freeze by Vehumet.
  8611 | D:8      | Noticed a centaur skeleton
  8618 | D:8      | Killed a centaur skeleton
  8618 | D:8      | Reached skill level 11 in Spellcasting
  8765 | D:8      | Reached skill level 5 in Fire Magic
  9052 | D:8      | Learned a level 7 spell: Delayed Fireball
  9431 | D:9      | Reached XP level 10. HP: 50/50 MP: 15/27
  9536 | D:9      | Offered knowledge of Inner Flame by Vehumet.
  9604 | D:9      | Found a sparkling altar of Nemelex Xobeh.
  9731 | D:9      | Reached skill level 10 in Conjurations
 10041 | D:9      | Acquired Vehumet's second power
 10244 | D:9      | Found a staircase to the Orcish Mines.
 10556 | D:9      | Learned a level 5 spell: Fireball
 10650 | D:9      | Found a glowing silver altar of Zin.
 10711 | D:10     | Entered Level 10 of the Dungeon
 10757 | D:10     | Reached skill level 1 in Fighting
 10803 | D:10     | Offered knowledge of Force Lance by Vehumet.
 10839 | D:10     | Reached skill level 12 in Spellcasting
 10994 | D:10     | Gained mutation: You expend magic power (3 MP) to strengthen your wands. [mutagenic meat]
 10995 | D:10     | Gained mutation: You occasionally shout uncontrollably at your foes. [mutagenic meat]
 11225 | D:10     | Lost mutation: You expend magic power (3 MP) to strengthen your wands. [potion of cure mutation]
 11225 | D:10     | Lost mutation: Your mind is acute. (Int +2) [potion of cure mutation]
 11225 | D:10     | Lost mutation: You occasionally shout uncontrollably at your foes. [potion of cure mutation]
 11407 | D:10     | Acquired Vehumet's third power
 12091 | D:11     | Noticed a hill giant
 12096 | D:11     | Killed a hill giant
 12096 | D:11     | Reached skill level 5 in Dodging
 12096 | D:11     | Reached XP level 11. HP: 59/59 MP: 14/29
 12177 | D:11     | Noticed chequers's ghost (powerful TrFi)
 12183 | D:11     | Killed chequers's ghost
 12354 | D:11     | Noticed a four-headed hydra
 12358 | D:11     | Noticed a hill giant
 12358 | D:11     | Killed a four-headed hydra
 12361 | D:11     | Killed a hill giant
 12367 | D:11     | Learned a level 4 spell: Force Lance
 12535 | D:11     | Offered knowledge of Venom Bolt by Vehumet.
 12599 | D:11     | Noticed a hill giant
 12604 | D:11     | Killed a hill giant
 12835 | D:11     | Found a staircase to the Lair.
 13025 | D:11     | Reached skill level 10 in Fire Magic
 13049 | D:11     | Offered knowledge of Airstrike by Vehumet.
 13406 | D:11     | Reached skill level 13 in Spellcasting
 13687 | Lair:1   | Entered Level 1 of the Lair of Beasts
 13687 | Lair:1   | Noticed chequers's ghost (powerful TrMo)
 13692 | Lair:1   | Killed chequers's ghost
 14797 | Lair:1   | Learned a level 6 spell: Bolt of Fire
 14932 | Lair:2   | Reached XP level 12. HP: 67/67 MP: 8/31
 15610 | Lair:2   | Reached skill level 5 in Fighting
 16483 | Lair:2   | Reached skill level 14 in Spellcasting
 17067 | Lair:3   | You fall through a shaft for 2 floors!
 17289 | Lair:4   | Offered knowledge of Bolt of Cold by Vehumet.
 17916 | Lair:4   | Noticed Harold
 17919 | Lair:4   | Killed Harold
 18402 | Lair:3   | Reached XP level 13. HP: 74/74 MP: 20/33
 19418 | Lair:3   | Offered knowledge of Conjure Ball Lightning by Vehumet.
 20166 | Lair:4   | Found a staircase to the Swamp.
 20279 | Lair:4   | You fall through a shaft for 3 floors!
 20301 | Lair:7   | Noticed Maud
 20403 | Lair:7   | Killed Maud
 20403 | Lair:7   | Reached skill level 10 in Dodging
 20680 | Lair:7   | Reached skill level 15 in Spellcasting
 22928 | Lair:5   | Offered knowledge of Poison Arrow by Vehumet.
 23151 | Lair:5   | Noticed a four-headed hydra
 23155 | Lair:5   | Killed a four-headed hydra
 24324 | Lair:6   | Reached XP level 14. HP: 82/82 MP: 25/35
 24430 | Lair:6   | Found a hole to the Spider Nest.
 24574 | Lair:6   | Found a viscous altar of Jiyva.
 24574 | Lair:6   | Found a staircase to the Slime Pits.
 24823 | Lair:6   | Reached skill level 1 in Air Magic
 25278 | Lair:7   | Noticed Rupert
 25291 | Lair:7   | Killed Rupert
 26234 | Lair:8   | Entered Level 8 of the Lair of Beasts
 26343 | Lair:8   | Reached skill level 16 in Spellcasting
 26639 | Lair:8   | Offered knowledge of Ozocubu's Refrigeration by Vehumet.
 27013 | Lair:8   | HP: 3/84 [dire elephant (6)]
 27014 | Lair:8   | HP: 1/84 [crocodile (2)]
 28451 | Lair:8   | Found a burning altar of Makhleb.
 29118 | Lair:8   | Reached XP level 15. HP: 88/88 MP: 17/37
 29805 | Lair:7   | Offered knowledge of Iron Shot by Vehumet.
 30065 | Lair:8   | Found a gateway to Hell.
 30075 | Lair:8   | Got a pair of scorched gloves
 30089 | Lair:8   | Identified the +1 pair of gloves of Boytan {rN+ Str-4 Dex+5} (You found it on level 8 of the Lair of Beasts)
 30421 | Lair:8   | Reached skill level 15 in Conjurations
 30602 | Lair:8   | Reached skill level 17 in Spellcasting
 31000 | Lair:1   | Gained mutation: Your natural rate of healing is unusually fast. [potion of beneficial mutation]
 31150 | Orc:1    | Entered Level 1 of the Orcish Mines
 31652 | Orc:2    | Found a dark tunnel.
 31737 | Volcano  | Entered a volcano
 33378 | Orc:2    | Learned a level 6 spell: Iron Shot
 33996 | Orc:4    | Entered Level 4 of the Orcish Mines
 33996 | Orc:4    | Found Nioppaqog's Gadget Shop.
 34006 | Orc:4    | Reached skill level 1 in Armour
 34696 | Orc:4    | Found a staircase to the Elven Halls.
 34708 | Orc:4    | Found a roughly hewn altar of Beogh.
 34791 | Orc:4    | Found Kaugifid's Antique Armour Shoppe.
 34801 | Orc:4    | Bought an embroidered cloak for 108 gold pieces
 34801 | Orc:4    | Bought a glowing robe for 16 gold pieces
 34868 | Orc:4    | Found a radiant altar of Vehumet.
 34884 | Orc:4    | Found a roughly hewn altar of Beogh.
 35332 | Orc:4    | Found Ixkiy's Food Boutique.
 35335 | Orc:4    | Offered knowledge of Orb of Destruction by Vehumet.
 35356 | Orc:4    | Found Upuaf's Antique Weapon Shoppe.
 35434 | Orc:4    | Found Iteamueria's General Store.
 35452 | Orc:4    | Bought a shimmering mace for 232 gold pieces
 35452 | Orc:4    | Identified the +9 mace "Giant's Toothpick" {speed, +Inv +Fly rElec rF-} (You bought it in a shop on level 4 of the Orcish Mines)
 35962 | Orc:3    | Learned a level 7 spell: Orb of Destruction
 36280 | Swamp:1  | Entered Level 1 of the Swamp
 36425 | Swamp:1  | Got a scorched ring mail
 37204 | Swamp:1  | Reached XP level 16. HP: 93/93 MP: 7/39
 38015 | Swamp:2  | Noticed Frances
 38026 | Swamp:1  | Slain by a shambling mangrove

Action                   |  1- 3 |  4- 6 |  7- 9 | 10-12 | 13-15 | 16-18 || total
-------------------------+-------+-------+-------+-------+-------+-------++-------
Melee: Unarmed           |     5 |       |       |       |       |       ||     5
       Mace              |    11 |    33 |    12 |       |     6 |     3 ||    65
       Whip              |       |       |    12 |    41 |    25 |       ||    78
       Demon trident     |       |       |       |       |    19 |       ||    19
 Cast: Magic Dart        |    67 |   108 |   275 |   193 |    94 |       ||   737
       Iskenderun's Myst |       |    18 |    40 |   194 |   681 |    42 ||   975
       Iskenderun's Batt |       |       |    18 |    52 |    87 |       ||   157
       Fireball          |       |       |       |    41 |    61 |       ||   102
       Delayed Fireball  |       |       |       |    14 |    32 |       ||    46
       Bolt of Fire      |       |       |       |     5 |       |       ||     5
       Force Lance       |       |       |       |       |    57 |     5 ||    62
       Freezing Cloud    |       |       |       |       |    42 |     2 ||    44
 Abil: Release Delayed F |       |       |       |    14 |    31 |       ||    45
  Use: Scroll            |       |       |    16 |     7 |    10 |       ||    33
       Potion            |       |       |       |     2 |     6 |     1 ||     9
  Eat: Chunk             |       |    11 |    18 |    55 |    57 |     4 ||   145
       Beef jerky        |       |       |     1 |     1 |     1 |       ||     3
       Pizza             |       |       |     1 |       |     3 |       ||     4
